 Dungeon Crawl Stone Soup version 0.19.3-1-g3169bf9 (webtiles) character file.

1145 Naow the Destroyer (level 8, 0/41 HPs)
             Began as a Deep Elf Conjurer on Jan 26, 2017.
             Slain by Duvessa
             ... wielding a +0 short sword
              (11 damage)
             ... on level 5 of the Dungeon.
             The game lasted 00:11:32 (6909 turns).

Naow the Destroyer (Deep Elf Conjurer)              Turns: 6909, Time: 00:11:33

Health: 0/41       AC:  2    Str:  5    XL:     8   Next: 15%
Magic:  3/21       EV: 13    Int: 23    God:
Gold:   281        SH:  0    Dex: 15    Spells: 5 memorised, 6 levels left

rFire  . . .     SeeInvis .     j - +0 dagger
rCold  . . .     Gourm    .     a - +0 robe
rNeg   . . .     Faith    .     (no shield)
rPois  .         Spirit   .     (no helmet)
rElec  .         Reflect  .     (no cloak)
rCorr  .         Harm     .     (no gloves)
MR     .....                    (no boots)
Stlth  +.........               (no amulet)
                                (no ring)
                                (no ring)

@: glowing
A: no striking features
a: no special abilities


You were on level 5 of the Dungeon.
You were not hungry.

You visited 1 branch of the dungeon, and saw 5 of its levels.
You also visited: Ossuary.

You collected 281 gold pieces.

Inventory:

Hand Weapons
 j - a +0 dagger (weapon)
Armour
 a - a +0 robe (worn)
Jewellery
 s - an uncursed ring of flight {unknown}
 w - an uncursed ring of protection from cold {unknown}
Scrolls
 e - 2 scrolls of enchant weapon {unknown}
 g - a scroll of noise {unknown}
 h - 3 scrolls of identify {unknown}
 i - a scroll of amnesia {unknown}
 k - 2 scrolls of remove curse {unknown}
 n - 2 scrolls of immolation {unknown}
 r - 2 scrolls of teleportation {unknown}
 t - a scroll of magic mapping {unknown}
 v - a scroll of blinking {unknown}
 y - a scroll of random uselessness {unknown}
Potions
 d - a potion of flight {unknown}
 f - a potion of lignification {unknown}
 l - a potion of ambrosia {unknown}
 m - 3 potions of heal wounds {unknown}
 o - a potion of cure mutation {unknown}
 p - a potion of cancellation {unknown}
 q - 2 potions of curing {unknown}
 u - a potion of invisibility {unknown}
Books
 b - a book of Conjurations

   Spells                             Type                      Level
   a - Magic Dart                     Conjuration                  1
   b - Searing Ray                    Conjuration                  2
   c - Dazzling Spray                 Conjuration/Hexes            3
   d - Fulminant Prism                Conjuration/Hexes            4
   e - Iskenderun's Mystic Blast      Conjuration                  4
   f - Iskenderun's Battlesphere      Conjuration/Charms           5
Comestibles
 c - 3 bread rations
 x - a beef jerky
 z - 2 chunks of flesh


   Skills:
 - Level 2.4 Dodging
 - Level 2.4 Stealth
 + Level 7.7 Spellcasting
 * Level 9.8 Conjurations


You had 6 spell levels left.
You knew the following spells:

 Your Spells              Type           Power        Failure   Level  Hunger
a - Magic Dart            Conj           ####         1%          1    None
b - Searing Ray           Conj           ######       1%          2    None
c - Iskenderun's Battles  Conj/Chrm      ####....     30%         5    #####..
d - Iskenderun's Mystic   Conj           ######..     1%          4    ###....
e - Fulminant Prism       Conj/Hex       ####......   12%         4    ###....


Dungeon Overview and Level Annotations

Branches:
Dungeon (5/15)
 Temple: D:4-7

Altars:
Dithmenos
Nemelex Xobeh

Annotations:
D:5 Duvessa


Message History

The searing ray hits Duvessa.
Duvessa is heavily wounded.
Duvessa barely misses you.
The searing ray hits Duvessa.
Duvessa is heavily wounded.
Duvessa barely misses you. Duvessa hits you with a short sword!!
The searing ray hits Duvessa.
Duvessa is severely wounded.
You finish channeling your searing ray.
Duvessa hits you with a short sword.
* * * LOW HITPOINT WARNING * * *
Casting: Searing Ray
Confirm with . or Enter, or press ? or * to list all spells.
Aiming: Searing Ray
Press: ? - help, Shift-Dir - straight line, f/p - Duvessa
Aim: Duvessa, wielding a short sword and wearing a ring mail (severely wounded, berserk, fast, unusually strong)
The searing ray hits Duvessa.
Duvessa is severely wounded. (Press . to maintain the ray.) Duvessa closely misses you.
Duvessa hits you with a short sword!
You die...

#.#..## #.#..# ..≈≈#
#....# ..≈≈# #....#
...≈# ######.####
...≈# #.........#
..≈≈# #.........#
..≈≈#
#####.........###e'#
................@..#
.................###
......>.........##
.....###.########
.....# #... .....#
#.... .....# ...
.##...... .# ......


You could see Duvessa (berserk).

Vanquished Creatures
  Edmund (D:4)
  The ghost of fatfloppyjuicyveiny the Bolt Thrower, an amateur KoHu (D:3)
  An elf zombie (Ossuary)
  Blork the orc (D:5)
  A bullfrog (D:3)
  3 scorpions
  Dowan (D:5)
  A centaur zombie (Ossuary)
  A human zombie (Ossuary)
  A hound (D:4)
  3 orc priests
  2 orc wizards
  2 bullfrog skeletons
  A worker ant (D:5)
  A big kobold zombie (Ossuary)
  2 mummies (Ossuary)
  6 adders
  3 oozes
  5 adder zombies
  2 worms
  5 leopard geckos
  9 orcs
  9 bats
  5 giant cockroaches
  9 goblins
  6 hobgoblins
  2 jackals (D:3)
  5 kobolds
  5 quokkas
  A ball python (D:3)
  7 frilled lizards
  A giant cockroach zombie (D:5)
  2 goblin zombies (Ossuary)
  10 hobgoblin zombies (Ossuary)
  A jackal zombie (Ossuary)
  8 kobold zombies (Ossuary)
  A leopard gecko skeleton (D:5)
  8 orc zombies (Ossuary)
  A quokka skeleton (D:4)
  12 rats
146 creatures vanquished.

Notes
Turn   | Place    | Note
-------+----------+-------------------------------------------
     0 | D:1      | Naow the Deep Elf Conjurer began the quest for the Orb.
     0 | D:1      | Reached XP level 1. HP: 10/10 MP: 6/6
   122 | D:1      | Reached XP level 2. HP: 15/15 MP: 1/8
   269 | D:1      | Found a sparkling altar of Nemelex Xobeh.
   370 | D:1      | Reached skill level 5 in Conjurations
   676 | D:1      | Reached XP level 3. HP: 19/19 MP: 7/10
  1683 | D:2      | Learned a level 2 spell: Searing Ray
  1685 | D:2      | Reached XP level 4. HP: 24/24 MP: 8/12
  1764 | D:3      | Reached skill level 6 in Conjurations
  1770 | D:3      | Reached XP level 5. HP: 28/28 MP: 0/13
  1969 | D:3      | Noticed fatfloppyjuicyveiny's ghost (amateur KoHu)
  2414 | D:3      | Found a faded altar of an unknown god.
  2855 | D:3      | Reached skill level 5 in Spellcasting
  3033 | D:3      | Reached skill level 7 in Conjurations
  3476 | D:3      | Killed fatfloppyjuicyveiny's ghost
  3476 | D:3      | Reached XP level 6. HP: 12/32 MP: 6/16
  4159 | D:4      | Found a sand-covered staircase.
  4164 | Ossuary  | Entered an ossuary
  4199 | Ossuary  | Learned a level 5 spell: Iskenderun's Battlesphere
  4204 | Ossuary  | Learned a level 4 spell: Iskenderun's Mystic Blast
  4209 | Ossuary  | Learned a level 4 spell: Fulminant Prism
  4807 | Ossuary  | Reached skill level 8 in Conjurations
  4867 | Ossuary  | Reached XP level 7. HP: 19/36 MP: 3/18
  5621 | D:4      | Noticed Edmund
  5630 | D:4      | Killed Edmund
  5739 | D:4      | Reached skill level 9 in Conjurations
  6009 | D:4      | Found a shadowy altar of Dithmenos.
  6313 | D:5      | Entered Level 5 of the Dungeon
  6426 | D:5      | Noticed Blork the orc
  6433 | D:5      | Killed Blork the orc
  6433 | D:5      | Reached XP level 8. HP: 21/41 MP: 13/21
  6893 | D:5      | Noticed Duvessa
  6895 | D:5      | Noticed Dowan
  6904 | D:5      | Killed Dowan
  6909 | D:5      | Slain by Duvessa

Skill      XL: |  1  2  3  4  5  6  7 |
---------------+----------------------+-----
Conjurations   | 5 6 7 8 9 |  9.8
Spellcasting   | 4 5 6 7 |  7.7
Dodging        | |  2.4
Stealth        | |  2.4

Action                   |  1- 3 |  4- 6 |  7- 9 || total
-------------------------+-------+-------+-------++-------
Melee: Dagger            |       |     8 |       ||     8
 Cast: Magic Dart        |    78 |   142 |    67 ||   287
       Searing Ray       |       |    17 |    19 ||    36
  Eat: Chunk             |     2 |     8 |     3 ||    13
       Meat ration       |       |       |     1 ||     1
Armor: Robe              |     1 |     6 |     1 ||     8
Dodge: Dodged            |     4 |    38 |    16 ||    58
